 Dungeon Crawl Stone Soup version 0.30-a0-1114-gd936c97349 (webtiles) character file.

Game seed: 10736105800091235070

102 cforsyth the Shield-Bearer (level 4, -2/38 HPs)
             Began as a Demigod Fighter on Apr 20, 2023.
             Slain by an ufetubus (4 damage)
             ... on level 3 of the Dungeon.
             The game lasted 00:02:05 (2412 turns).

cforsyth the Shield-Bearer (Demigod Fighter)        Turns: 2412, Time: 00:02:06

Health: -2/38      AC: 10    Str: 21    XL:     4   Next: 26%
Magic:  6/6        EV:  7    Int: 10    God:
Gold:   138        SH:  5    Dex: 13    Spells: 3/3 levels left

rFire   . . .      SeeInvis .    a - +0 flail
rCold   . . .      Faith    .    c - +0 buckler
rNeg    . . .      Spirit   .    o - +0 chain mail
rPois   .          Reflect  .    q - +0 helmet
rElec   .          Rampage  .    (no cloak)
rCorr   .                        (no gloves)
Will    .....                    (no boots) Stlth
                                 (no amulet)
HPRegen 0.26/turn                p - ring of flight
MPRegen 0.10/turn                (no ring)

@: flying, hasted, very quick
A: high MP 1, forlorn, divine attributes
a: no special abilities


You were on level 3 of the Dungeon.
You visited 1 branch of the dungeon, and saw 4 of its levels.

You collected 138 gold pieces.

Inventory:

Hand Weapons
 a - a +0 flail (weapon)
Armour
 b - a +0 scale mail
 c - a +0 buckler (worn)
 o - a +0 chain mail (worn)
 q - a +0 helmet (worn)
Jewellery
 p - a ring of flight (left hand)
Scrolls
 e - a scroll of blinking {unknown}
 f - 7 scrolls of identify {unknown}
 h - a scroll of silence {unknown}
 i - 2 scrolls of enchant weapon {unknown}
 j - 2 scrolls of enchant armour {unknown}
 k - a scroll of immolation {unknown}
 l - 2 scrolls of teleportation {unknown}
 m - a scroll of torment {unknown}
 u - a scroll of magic mapping {unknown}
Potions
 d - a potion of might
 g - a potion of heal wounds {unknown}
 n - a potion of haste
 s - a potion of brilliance {unknown}
 t - a potion of resistance {unknown}


   Skills:
 + Level 3.3 Fighting
 + Level 2.6 Maces & Flails
 + Level 3.3 Armour
 + Level 3.3 Shields


You had 3 spell levels left.
You didn't know any spells.
Your spell library contained the following spells:

 Spells                   Type           Power      Damage    Failure   Level
 Sandblast                Erth           0%         2d4       98%         1
 Passwall                 Tmut/Erth      0%         N/A       99%         2
 Stone Arrow              Conj/Erth      0%         3d7       100%        3


Dungeon Overview and Level Annotations

Branches:
Dungeon (4/15)
 Temple: D:4-7


Innate Abilities, Weirdness & Mutations

You have an increased reservoir of magic. (+10% MP)
You shall have no god before yourself.
Your divine heritage dramatically boosts your attributes as you level up.


Message History

The ufetubus hits you.
The ufetubus hits you but does no damage.
A scorpion comes into view.
The orc hits you with a +2 hand axe of electrocution.
The ufetubus closely misses you. You block the ufetubus's attack.
You closely miss the ufetubus.
The ufetubus is heavily wounded.
You block the ufetubus's attack. The ufetubus hits you.
You block the orc's attack. The ufetubus hits you.
The ufetubus barely misses you.
You closely miss the ufetubus.
The ufetubus is heavily wounded.
The ufetubus barely misses you.
The ufetubus hits you but does no damage.
You block the orc's attack. The ufetubus hits you. x2
The orc hits you but does no damage.
You are too injured to fight recklessly!
You are too injured to fight recklessly!
You are too injured to fight recklessly!
You are too injured to fight recklessly!
The orc hits you with a +2 hand axe of electrocution.
You are electrocuted!
* * * LOW HITPOINT WARNING * * *
There is a stone staircase leading up here.
The ufetubus hits you but does no damage.
The ufetubus barely misses you. The ufetubus hits you.
* * * LOW HITPOINT WARNING * * *
The ufetubus barely misses you. You block the orc's attack.
You fly upwards.
There is a stone staircase leading down here.
It was a potion of haste.
You feel yourself speed up. You block the ufetubus's attack.
The ufetubus hits you but does no damage.
The orc completely misses you.
It was a potion of flight.
You feel more buoyant. You block the ufetubus's attack.
The ufetubus hits you but does no damage.
You block the ufetubus's attack. The ufetubus hits you.
You die...

######## #......##
##.###...#########
.......#.........#
#.####....######5#
#.# ##.#.# #@#
#.####..#.# #o#
.........># #.#
..####.#### ###.#
### #.# #...# ..#
#.# #.#.#
#.####.## #...#
#.......# ##.##
#.####..# #.#


You could see an orc and an ufetubus.

Vanquished Creatures
  Natasha (D:2)
  2 adders (D:2)
  A worm (D:2)
  2 dart slugs
  An orc (D:3)
  5 ball pythons
  4 endoplasms
  11 goblins
  4 hobgoblins
  2 jackals (D:2)
  A quokka (D:1)
  5 bats
  2 frilled lizards
  4 kobolds
  4 rats
49 creatures vanquished.

Vanquished Creatures (others)
  18 plants (D:2)
18 creatures vanquished.

Grand Total: 67 creatures vanquished

Notes
Turn   | Place    | Note
-------+----------+-------------------------------------------
     0 | D:1      | cforsyth the Demigod Fighter began the quest for the Orb.
     0 | D:1      | Reached XP level 1. HP: 18/18 MP: 3/3
   144 | D:1      | Reached XP level 2. HP: 15/25 MP: 4/4
   812 | D:2      | Reached XP level 3. HP: 27/31 MP: 5/5
  1026 | D:2      | Noticed Natasha
  1037 | D:2      | Killed Natasha
  1260 | D:2      | Reached XP level 4. HP: 37/38 MP: 6/6
  2409 | D:4      | HP: 1/38 [ufetubus (1)]
  2412 | D:3      | Slain by an ufetubus

Illustrated notes

Levels and vault maps discovered:
D:1:      roderic_dead_forest, layout_basic, chequers_serial_rivers_micro_c,
          palyth_stone_intersect, minmay_stone_trees_small
D:2:      layout_loops_corners, serial_bayou, serial_bayou_ford_a,
          serial_bayou_pond_d, serial_bayou_pond_d, serial_bayou_lagoon_a,
          uniq_natasha
D:3:      layout_loops_ring, nicolae_wu_jian_wuxing_cycle,
          ebering_ecumenical_altar_abandoned
D:4:      minmay_inner_zag, layout_cave_pools, mainiacjoe_overflow_tiny_flanked,
          st_stairs_10, uniq_duvessa, uniq_ijyb

Skill      XL: |  1  2 |
---------------+-------+-----
Maces & Flails | 2 |  2.6
Shields        | 3 |  3.3
Fighting       | 3 |  3.3
Armour         | 3 |  3.3

Action                     |  1- 3 |  4- 6 || total
---------------------------+-------+-------++-------
  Melee: Flail             |   117 |    47 ||   164
    Use: Potion            |       |     2 ||     2
 Armour: Scale mail        |    65 |    17 ||    82
         Chain mail        |       |    21 ||    21
  Dodge: Dodged            |    47 |    29 ||    76
  Block: Buckler           |    31 |    18 ||    49

Table legend: (Time is in decaauts)
 A = Elapsed time spent in this place.
 B = Non-inter-level travel time spent in this place.
 C = Inter-level travel time spent in this place.
 D = Time resting spent in this place.
 E = Time spent auto-exploring this place.
 F = Levels seen in this place.
 G = Mean time per level.
                   A        B        C        D        E       F      G
               +--------+--------+--------+--------+--------+-----+--------+
         Total |   2488 |   2383 |    105 |      0 |   1942 |   4 |  622.0 |
       Dungeon |   2488 |   2383 |    105 |      0 |   1942 |   4 |  622.0 |
               +--------+--------+--------+--------+--------+-----+--------+

Top non-repeatable levels by time:
     D:2: 1057 daAuts
     D:1: 739 daAuts
     D:3: 678 daAuts
     D:4: 12 daAuts
